TOP OF THE 1ST |
Echo Park Lakers batting - Pitching for Seattle Aviators : RHP José Muńóz
|
Pitching: RHP José Muńóz
|
|
Batting: RHB Guillermo Coss
|
0-0: Ball 1-0: Fly out, F7 (Line Drive, 7S)
|
Batting: RHB Jesús Villalba
|
0-0: Foul Ball, location: 2F 0-1: Foul Ball, location: 2F 0-2: Ball 1-2: SINGLE (Groundball, 56) (infield hit)
|
Batting: RHB Kumanosuke Abe
|
0-0: Ball 1-0: Swinging Strike 1-1: Called Strike 1-2: Foul Ball, location: 2F 1-2: Ball Jesús Villalba steals 2nd base 2-2: Foul Ball, location: 2F 2-2: Fly out, F8 (Flyball, 8RS)
|
Batting: RHB Yoshihito Samurakami
|
0-0: DOUBLE (Line Drive, 7LM) Jesús Villalba scores
|
Batting: LHB Stefan Vanderhoof
|
0-0: SINGLE (Line Drive, 56D) Yoshihito Samurakami to third Runner from 3rd tries for Home, SAFE, no throw
|
Batting: RHB Chris Harrell
|
0-0: Ball 1-0: Called Strike 1-1: Called Strike 1-2: Fielders Choice at 2nd, 6-4 (Groundball, 6)
|
Top of the 1st over - 2 runs, 3 hits, 0 errors, 1 left on base; Echo Park 2 - Seattle 0 |
BOTTOM OF THE 1ST |
Seattle Aviators batting - Pitching for Echo Park Lakers : LHP Kaluka Wene
|
Pitching: LHP Kaluka Wene
|
|
Batting: SHB Nuygen Vuong
|
0-0: Called Strike 0-1: Swinging Strike 0-2: Ball 1-2: Fly out, F8 (Flyball, 78D)
|
Batting: RHB Alfredo Méndez
|
0-0: Ground out 6-3 (Groundball, 6)
|
Batting: RHB John Downing
|
0-0: Ball 1-0: Called Strike 1-1: Foul Ball, location: 2F 1-2: Foul Ball, location: 2F 1-2: Ball 2-2: SINGLE (Groundball, 6MD)
|
Batting: RHB Albert Zamudio
|
0-0: Ball 1-0: SINGLE (Flyball, 6MD) John Downing to second
|
Batting: LHB Jorge Mojica
|
0-0: Ground out 4-3 (Groundball, 34D)
|
Bottom of the 1st over - 0 runs, 2 hits, 0 errors, 2 left on base; Echo Park 2 - Seattle 0 |
TOP OF THE 2ND |
Echo Park Lakers batting - Pitching for Seattle Aviators : RHP José Muńóz
|
Batting: RHB Freddy Torres
|
0-0: Ball 1-0: Ball 2-0: Foul Ball, location: 2F 2-1: Foul Ball, location: 2F 2-2: Foul Ball, location: 2F 2-2: Ball 3-2: SINGLE (Line Drive, 6MD)
|
Batting: RHB Ismael Sandoval
|
0-0: Ball 1-0: Ball 2-0: Swinging Strike 2-1: Foul Ball, location: 2F 2-2: Foul Ball, location: 2F 2-2: Foul Ball, location: 2F 2-2: Ball 3-2: Foul Ball, location: 2F 3-2: Foul Ball, location: 2F 3-2: Reached on error, E5 (Groundball, 56) Freddy Torres to second
|
Batting: RHB Habbo Allaart
|
0-0: Ball 1-0: Foul Ball, location: 2F 1-1: Swinging Strike 1-2: Strikes out looking
|
Batting: RHB Guillermo Coss
|
0-0: Called Strike Freddy Torres steals 3rd base 0-1: Foul Ball, location: 2F 0-2: Ball 1-2: Ball 2-2: Ball 3-2: Foul Ball, location: 2F 3-2: Fly out, F9 (Flyball, 9D) Runner from 3rd tags up, SCORES, throw made
|
Batting: RHB Jesús Villalba
|
0-0: Ground out 5-3 (Groundball, 5S)
|
Top of the 2nd over - 1 run, 1 hit, 1 error, 1 left on base; Echo Park 3 - Seattle 0 |
BOTTOM OF THE 2ND |
Seattle Aviators batting - Pitching for Echo Park Lakers : LHP Kaluka Wene
|
Batting: RHB Seon-keun Kim
|
0-0: Ball 1-0: Foul Ball, location: 2F 1-1: Ball 2-1: Foul Ball, location: 2F 2-2: SINGLE (Groundball, 56D)
|
Batting: LHB Kenny Webster
|
0-0: Called Strike 0-1: Ball 1-1: Ball 2-1: Foul Ball, location: 2F 2-2: Fly out, F8 (Flyball, 8RS)
|
Batting: RHB Logan Namajunas
|
0-0: Fielders Choice at 2nd, 6-4 (Groundball, 6)
|
Batting: RHB Lester Kwiatkowski
|
0-0: Ball Logan Namajunas is caught stealing 2nd base
|
Bottom of the 2nd over - 0 runs, 1 hit, 0 errors, 0 left on base; Echo Park 3 - Seattle 0 |
TOP OF THE 3RD |
Echo Park Lakers batting - Pitching for Seattle Aviators : RHP José Muńóz
|
Batting: RHB Kumanosuke Abe
|
0-0: SINGLE (Flyball, 8LS)
|
Batting: RHB Yoshihito Samurakami
|
0-0: Ball 1-0: Ball 2-0: Ball 3-0: Base on Balls Kumanosuke Abe to second
|
Batting: LHB Stefan Vanderhoof
|
0-0: Called Strike 0-1: Foul Ball, location: 2F 0-2: Ball 1-2: Ball 2-2: Foul Ball, location: 2F 2-2: Grounds into double play, 5-4-3 (Groundball, 56) Kumanosuke Abe to third
|
Batting: RHB Chris Harrell
|
0-0: Swinging Strike 0-1: Ball 1-1: Foul Ball, location: 2F 1-2: Strikes out looking
|
Top of the 3rd over - 0 runs, 1 hit, 0 errors, 1 left on base; Echo Park 3 - Seattle 0 |
BOTTOM OF THE 3RD |
Seattle Aviators batting - Pitching for Echo Park Lakers : LHP Kaluka Wene
|
Batting: RHB Lester Kwiatkowski
|
0-0: Ball 1-0: Fly out, F5 (Line Drive, 5)
|
Batting: SHB Nuygen Vuong
|
0-0: Ball 1-0: Swinging Strike 1-1: Foul Ball, location: 2F 1-2: Ball 2-2: Ball 3-2: Foul Ball, location: 2F 3-2: Base on Balls
|
Batting: RHB Alfredo Méndez
|
0-0: Ball 1-0: Swinging Strike 1-1: Ball 2-1: Fly out, F7 (Line Drive, 7D)
|
Batting: RHB John Downing
|
0-0: Ball 1-0: Called Strike 1-1: Fly out, F7 (Flyball, 78S)
|
Bottom of the 3rd over - 0 runs, 0 hits, 0 errors, 1 left on base; Echo Park 3 - Seattle 0 |
TOP OF THE 4TH |
Echo Park Lakers batting - Pitching for Seattle Aviators : RHP José Muńóz
|
Batting: RHB Freddy Torres
|
0-0: Fly out, F3 (Line Drive, 3)
|
Batting: RHB Ismael Sandoval
|
0-0: Swinging Strike 0-1: Ball 1-1: Foul Ball, location: 2F 1-2: Fly out, F9 (Flyball, 9)
|
Batting: RHB Habbo Allaart
|
0-0: Ball 1-0: Ball 2-0: Ball 3-0: Called Strike 3-1: Base on Balls
|
Batting: RHB Guillermo Coss
|
0-0: Ball 1-0: Swinging Strike 1-1: Ball 2-1: Ball 3-1: Fly out, F9 (Flyball, 9S)
|
Top of the 4th over - 0 runs, 0 hits, 0 errors, 1 left on base; Echo Park 3 - Seattle 0 |
BOTTOM OF THE 4TH |
Seattle Aviators batting - Pitching for Echo Park Lakers : LHP Kaluka Wene
|
Batting: RHB Albert Zamudio
|
0-0: Called Strike 0-1: Fly out, F9 (Flyball, 9S)
|
Batting: LHB Jorge Mojica
|
0-0: Ground out 6-3 (Groundball, 6MD)
|
Batting: RHB Seon-keun Kim
|
0-0: Ball 1-0: Ball 2-0: Called Strike 2-1: Called Strike 2-2: Foul Ball, location: 2F 2-2: Ball 3-2: SINGLE (Line Drive, 9LS)
|
Batting: LHB Kenny Webster
|
0-0: Ground out 4-3 (Groundball, 4D)
|
Bottom of the 4th over - 0 runs, 1 hit, 0 errors, 1 left on base; Echo Park 3 - Seattle 0 |
TOP OF THE 5TH |
Echo Park Lakers batting - Pitching for Seattle Aviators : RHP José Muńóz
|
Batting: RHB Jesús Villalba
|
0-0: Called Strike 0-1: Fly out, F7 (Flyball, 7S)
|
Batting: RHB Kumanosuke Abe
|
0-0: Swinging Strike 0-1: Ball 1-1: Called Strike 1-2: Fly out, F7 (Flyball, 7LS)
|
Batting: RHB Yoshihito Samurakami
|
0-0: Ground out 6-3 (Groundball, 6)
|
Top of the 5th over - 0 runs, 0 hits, 0 errors, 0 left on base; Echo Park 3 - Seattle 0 |
BOTTOM OF THE 5TH |
Seattle Aviators batting - Pitching for Echo Park Lakers : LHP Kaluka Wene
|
Batting: RHB Logan Namajunas
|
0-0: Ball 1-0: Ball 2-0: Ground out U3 (Groundball, 3)
|
Batting: RHB Lester Kwiatkowski
|
0-0: Called Strike 0-1: Ball 1-1: Ball 2-1: Swinging Strike 2-2: Ball 3-2: Foul Ball, location: 2F 3-2: Ground out 6-3 (Groundball, 6)
|
Batting: SHB Nuygen Vuong
|
0-0: Ball 1-0: Called Strike 1-1: Called Strike 1-2: Foul Ball, location: 2F 1-2: Ball 2-2: Ground out 4-3 (Groundball, 4S)
|
Bottom of the 5th over - 0 runs, 0 hits, 0 errors, 0 left on base; Echo Park 3 - Seattle 0 |
TOP OF THE 6TH |
Echo Park Lakers batting - Pitching for Seattle Aviators : RHP José Muńóz
|
Batting: LHB Stefan Vanderhoof
|
0-0: Called Strike 0-1: DOUBLE (Line Drive, 7D)
|
Batting: RHB Chris Harrell
|
0-0: Intentional Walk
|
Batting: RHB Freddy Torres
|
0-0: Ball 1-0: Bunted foul 1-1: Bunted foul 1-2: Foul Ball, location: 2F 1-2: Ball 2-2: Ball 3-2: Foul Ball, location: 2F 3-2: Strikes out swinging
|
Batting: RHB Ismael Sandoval
|
0-0: Ball 1-0: Grounds into double play, 5-4-3 (Groundball, 5)
|
Top of the 6th over - 0 runs, 1 hit, 0 errors, 1 left on base; Echo Park 3 - Seattle 0 |
BOTTOM OF THE 6TH |
Seattle Aviators batting - Pitching for Echo Park Lakers : LHP Kaluka Wene
|
Batting: RHB Alfredo Méndez
|
0-0: SINGLE (Line Drive, 56)
|
Batting: RHB John Downing
|
0-0: Ball 1-0: Fly out, F8 (Flyball, 8RM)
|
Batting: RHB Albert Zamudio
|
0-0: Foul Ball, location: 2F 0-1: Ball 1-1: Called Strike 1-2: Foul Ball, location: 2F 1-2: Ball 2-2: Foul Ball, location: 2F 2-2: Ball Alfredo Méndez steals 2nd base 3-2: Base on Balls
|
Batting: LHB Jorge Mojica
|
0-0: Ball 1-0: Ball 2-0: Called Strike 2-1: Fly out, F9 (Line Drive, 89M)
|
Batting: RHB Seon-keun Kim
|
0-0: Ball 1-0: Called Strike 1-1: SINGLE (Groundball, 34D) Alfredo Méndez to third Albert Zamudio to second Runner from 3rd tries for Home, SAFE, throw made home
|
Batting: LHB Kenny Webster
|
0-0: Ball 1-0: Foul Ball, location: 2F 1-1: Foul Ball, location: 2F 1-2: Foul Ball, location: 2F 1-2: Ground out U3 (Groundball, 3L)
|
Bottom of the 6th over - 1 run, 2 hits, 0 errors, 2 left on base; Echo Park 3 - Seattle 1 |
TOP OF THE 7TH |
Echo Park Lakers batting - Pitching for Seattle Aviators : RHP José Muńóz
|
Batting: RHB Habbo Allaart
|
0-0: Called Strike 0-1: Ball 1-1: Called Strike 1-2: Ball 2-2: Strikes out swinging
|
Batting: RHB Guillermo Coss
|
0-0: Called Strike 0-1: Foul Ball, location: 2F 0-2: Ball 1-2: Ball 2-2: Ground out 3-1 (Groundball, 34)
|
Batting: RHB Jesús Villalba
|
0-0: Called Strike 0-1: Foul Ball, location: 2F 0-2: Strikes out swinging
|
Top of the 7th over - 0 runs, 0 hits, 0 errors, 0 left on base; Echo Park 3 - Seattle 1 |
BOTTOM OF THE 7TH |
Seattle Aviators batting - Pitching for Echo Park Lakers : LHP Kaluka Wene
|
Batting: RHB Logan Namajunas
|
0-0: Ball 1-0: DOUBLE (Line Drive, 8LXD)
|
Batting: RHB Lester Kwiatkowski
|
0-0: Ball 1-0: Ground out 6-3 (Groundball, 6)
|
Batting: SHB Nuygen Vuong
|
0-0: Ball 1-0: Ground out 6-3 (Groundball, 6) Logan Namajunas to third
|
Batting: RHB Alfredo Méndez
|
0-0: Foul Ball, location: 2F 0-1: Ground out 6-3 (Groundball, 6)
|
Bottom of the 7th over - 0 runs, 1 hit, 0 errors, 1 left on base; Echo Park 3 - Seattle 1 |
TOP OF THE 8TH |
Echo Park Lakers batting - Pitching for Seattle Aviators : RHP José Muńóz
|
Batting: RHB Kumanosuke Abe
|
0-0: Swinging Strike 0-1: Ball 1-1: Swinging Strike 1-2: Ball 2-2: Foul Ball, location: 2F 2-2: Foul Ball, location: 2F 2-2: Ball 3-2: Ground out 6-3 (Groundball, 56)
|
Batting: RHB Yoshihito Samurakami
|
0-0: Called Strike 0-1: Swinging Strike 0-2: Ball 1-2: Fly out, F7 (Line Drive, 7)
|
Batting: LHB Stefan Vanderhoof
|
0-0: Ball 1-0: Ball 2-0: Called Strike 2-1: Called Strike 2-2: Foul Ball, location: 2F 2-2: Strikes out swinging
|
Top of the 8th over - 0 runs, 0 hits, 0 errors, 0 left on base; Echo Park 3 - Seattle 1 |
BOTTOM OF THE 8TH |
Seattle Aviators batting - Pitching for Echo Park Lakers : LHP Kaluka Wene
|
Batting: RHB John Downing
|
0-0: Ball 1-0: Swinging Strike 1-1: Ball 2-1: Foul Ball, location: 2F 2-2: Ball 3-2: Foul Ball, location: 2F 3-2: Strikes out looking
|
Batting: RHB Albert Zamudio
|
0-0: Ball 1-0: Called Strike 1-1: Ball 2-1: Ground out 4-3 (Groundball, 4M)
|
Batting: LHB Jorge Mojica
|
0-0: DOUBLE (Line Drive, 9LS)
|
Pitching: RHP Stef Dijkman
|
|
Batting: RHB Seon-keun Kim
|
0-0: Ball 1-0: Ball 2-0: Called Strike 2-1: Foul Ball, location: 2F 2-2: 2-RUN HOME RUN (Flyball, 7LD), Distance : 321 ft
|
Batting: LHB Kenny Webster
|
0-0: Foul Ball, location: 2F 0-1: Ball 1-1: Ball 2-1: Fly out, F1 (Line Drive, 13S)
|
Bottom of the 8th over - 2 runs, 2 hits, 0 errors, 0 left on base; Echo Park 3 - Seattle 3 |
TOP OF THE 9TH |
Echo Park Lakers batting - Pitching for Seattle Aviators : RHP José Muńóz
|
Batting: RHB Chris Harrell
|
0-0: Ball 1-0: Foul Ball, location: 2F 1-1: Foul Ball, location: 2F 1-2: Ball 2-2: SINGLE (Popup, 6MD)
|
Pitching: LHP Holden Rosen Grupp
|
|
Batting: RHB Freddy Torres
|
0-0: Ball 1-0: Sac Bunt - play at first, batter OUT! 2-4 Chris Harrell to second
|
Batting: RHB Ismael Sandoval
|
0-0: Intentional Walk
|
Pinch Hitting: RHB Alfredo Mojica
|
0-0: Foul Ball, location: 2F 0-1: Foul Ball, location: 2F 0-2: Ball 1-2: Strikes out looking
|
Batting: RHB Guillermo Coss
|
0-0: Foul Ball, location: 2F 0-1: Ball 1-1: Swinging Strike 1-2: Ball 2-2: Ground out 6-3 (Groundball, 6)
|
Top of the 9th over - 0 runs, 1 hit, 0 errors, 2 left on base; Echo Park 3 - Seattle 3 |
BOTTOM OF THE 9TH |
Seattle Aviators batting - Pitching for Echo Park Lakers : RHP Stef Dijkman
|
Now at SS: Alfredo Mojica
|
|
Pinch Hitting: LHB Yoichibei Sato
|
0-0: Ball 1-0: Swinging Strike 1-1: Foul Ball, location: 2F 1-2: Ball 2-2: Fly out, F9 (Flyball, 89M)
|
Batting: RHB Lester Kwiatkowski
|
0-0: Called Strike 0-1: Ball 1-1: Foul Ball, location: 2F 1-2: Ball 2-2: Foul Ball, location: 2F 2-2: Ball 3-2: Strikes out looking
|
Batting: SHB Nuygen Vuong
|
0-0: Called Strike 0-1: Ball 1-1: Called Strike 1-2: Strikes out swinging
|
Bottom of the 9th over - 0 runs, 0 hits, 0 errors, 0 left on base; Echo Park 3 - Seattle 3 |
TOP OF THE 10TH |
Echo Park Lakers batting - Pitching for Seattle Aviators : LHP Holden Rosen Grupp
|
Now in CF: Yoichibei Sato
|
|
Batting: RHB Jesús Villalba
|
0-0: Ground out 6-3 (Groundball, 6)
|
Batting: RHB Kumanosuke Abe
|
0-0: Swinging Strike 0-1: Foul Ball, location: 2F 0-2: Strikes out swinging
|
Batting: RHB Yoshihito Samurakami
|
0-0: Ball 1-0: Called Strike 1-1: SOLO HOME RUN (Flyball, 7LD), Distance : 347 ft
|
Batting: LHB Stefan Vanderhoof
|
0-0: Called Strike 0-1: Swinging Strike 0-2: Strikes out swinging
|
Top of the 10th over - 1 run, 1 hit, 0 errors, 0 left on base; Echo Park 4 - Seattle 3 |
BOTTOM OF THE 10TH |
Seattle Aviators batting - Pitching for Echo Park Lakers : RHP Stef Dijkman
|
Pitching: RHP Júlio Saldańa
|
|
Batting: RHB Alfredo Méndez
|
0-0: Called Strike 0-1: Ground out 5-3 (Groundball, 56S)
|
Batting: RHB John Downing
|
0-0: Called Strike 0-1: Called Strike 0-2: Foul Ball, location: 2F 0-2: Ball 1-2: Ball 2-2: Ball 3-2: Base on Balls
|
Batting: RHB Albert Zamudio
|
0-0: SINGLE (Flyball, 8RS) John Downing to second Runner from 2nd tries for 3rd, SAFE, no throw
|
Batting: LHB Jorge Mojica
|
0-0: Ball 1-0: Called Strike 1-1: Ball 2-1: Ground out 4-3 (Groundball, 34S) Albert Zamudio to second
|
Batting: RHB Seon-keun Kim
|
0-0: Called Strike 0-1: Ball 1-1: Ball 2-1: Foul Ball, location: 2F 2-2: Ball 3-2: 3-RUN HOME RUN (Flyball, 78XD), Distance : 379 ft
|
Tuesday, June 12th, 2018 - OOTP Baseball 18.8 Build 76
|
|